 Dungeon Crawl Stone Soup version 0.31-a0-1074-g0b22e4e0f1 (webtiles) character file.

Game seed: 8220031771274605805

63 croobank the Ruffian (level 3, -3/29 HPs)
             Began as a Draconian Shapeshifter on Dec 3, 2023.
             Slain by a gnoll
             ... wielding a +0 spear
              (9 damage)
             ... on level 2 of the Dungeon.
             The game lasted 00:02:54 (1135 turns).

croobank the Ruffian (Draconian Shapeshifter)       Turns: 1135, Time: 00:02:55

Health: -3/29      AC:  5    Str: 15 (16) XL:     3   Next: 89%
Magic:  3/3        EV: 12    Int:  9 (12) God:
Gold:   42         SH:  0    Dex:  9 (10) Spells: 2/2 levels left

rFire   . . .        j - +2 dagger (venom)
rCold   . . .        (no shield)
rNeg    . . .        (body armour unavailable)
rPois   .            (helmet currently unavailable)
rElec   .            (cloak currently unavailable)
rCorr   .            (gloves currently unavailable)
SInv    .            (boots currently unavailable)
Will    .....        (no amulet)
Stlth   +            (no ring)
HPRegen 0.24/turn    (no ring)
MPRegen 0.08/turn

%: no passive effects
@: beast-form
A: beast (slay +1), AC +5, unfitting armour, cold-blooded
a: Begin Untransformation


You were on level 2 of the Dungeon.
You were a hulking beast.
You visited 1 branch of the dungeon, and saw 2 of its levels.

You collected 42 gold pieces.

Inventory:

Hand Weapons
 j - a +2 dagger of venom (weapon)
Jewellery
 k - a +4 ring of slaying
Talismans
 b - a beast talisman
 c - a flux talisman
Wands
 m - a wand of flame (27)
Scrolls
 e - 2 scrolls of teleportation {unknown}
 l - a scroll of revelation {unknown}
Potions
 a - a potion of lignification
 d - a potion of degeneration
 g - a potion of enlightenment {unknown}
 h - a potion of berserk rage {unknown}
 i - a potion of curing {unknown}


   Skills:
 + Level 2.2 Fighting
 + Level 2.4 Dodging
 + Level 3.5 Unarmed Combat
 + Level 3.4 Shapeshifting


You had 2 spell levels left.
You didn't know any spells.
Your spell library contained the following spells:

 Spells                   Type           Power      Damage    Failure   Level
 Apportation              Tloc           0%         N/A       38%         1
 Freeze                   Ice            0%         1d3       38%         1
 Necrotise                Necr           0%         1d4       38%         1
 Summon Small Mammal      Summ           0%         N/A       38%         1
 Frozen Ramparts          Ice            0%         1d1       77%         3
 Hailstorm                Conj/Ice       0%         3d3       77%         3


Dungeon Overview and Level Annotations

Branches:
Dungeon (2/15)

Altars:


Innate Abilities, Weirdness & Mutations

You are a hulking beast.
Your limbs bulge with bestial killing power. (Slay +1)
Your plain brown scales are hard. (AC +5)
You cannot fit into any form of body armour.
You are cold-blooded and may be slowed by cold attacks.


Message History

The adder is severely wounded.
You kill the adder!
The gnoll hits you from afar with a +0 spear.
* * * LOW HITPOINT WARNING * * *
You see here an adder corpse.
Aiming: Throw Flame
Press: ? - help, Shift-Dir - straight line, f - gnoll
Aim: a gnoll, wielding a +0 spear (72% to hit)
The puff of flame hits the gnoll.
The gnoll is lightly wounded.
The gnoll barely misses you.
It was a potion of degeneration.
There was something very wrong with that liquid.
You feel weakened.
You feel dopey.
You feel clumsy. The gnoll hits you but does no damage.
It was a potion of heal wounds.
You feel much better.
The gnoll hits you from afar with a +0 spear.
The gnoll hits you with a +0 spear.
The gnoll hits you from afar with a +0 spear.
You hit the gnoll.
The gnoll is moderately wounded.
The gnoll barely misses you. The gnoll closely misses you.
You hit the gnoll.
The gnoll is moderately wounded.
The gnoll closely misses you.
The gnoll hits you from afar with a +0 spear.
You hit the gnoll.
The gnoll is poisoned.
The gnoll is heavily wounded.
The gnoll hits you but does no damage.
The gnoll hits you from afar with a +0 spear.
You barely miss the gnoll.
The gnoll is heavily wounded.
The gnoll hits you with a +0 spear.
The gnoll hits you from afar with a +0 spear.
* * * LOW HITPOINT WARNING * * *
Okay, then.
You hit the gnoll.
You kill the gnoll!
The gnoll hits you from afar with a +0 spear!
You die...

#..............#.#
#.........g....#.#
#.........g....#.#
#..............#.#
#.............##.#
........##.#####.#######
...........gg...g......<
#.#####....#####g######
#.# ###### #h# #.# #†#
#.# #.# #.# #.# #.# #..
#.# ### ..# ###


You could see 2 gnolls.

Vanquished Creatures
  An adder (D:2)
  A gnoll (D:2)
  3 dart slugs (D:1)
  2 endoplasms (D:1)
  2 giant cockroaches
  2 goblins (D:1)
  5 hobgoblins
  6 jackals (D:1)
  3 quokkas
  2 ball pythons (D:1)
  4 bats
  4 frilled lizards
  5 kobolds
  6 rats
46 creatures vanquished.

Notes
Turn   | Place    | Note
-------+----------+-------------------------------------------
     0 | D:1      | croobank the Draconian Shapeshifter began the quest for the
                  | Orb.
     0 | D:1      | Reached XP level 1. HP: 16/16 MP: 1/1
   143 | D:1      | Reached XP level 2. HP: 23/23 MP: 2/2
   468 | D:1      | Reached XP level 3. HP: 29/29 MP: 3/3
  1135 | D:2      | Slain by a gnoll

Illustrated notes

Levels and vault maps discovered:
D:1:      minmay_arrival_five_plusses, layout_loops_ring, serial_rivers,
          chequers_serial_rivers_small_3, chequers_serial_rivers_large_a,
          chequers_serial_rivers_small_b, chequers_serial_rivers_micro_e,
          chequers_serial_rivers_small_b, chequers_serial_rivers_small_a
D:2:      layout_basic, kennysheep_nondescript, uniq_sigmund

Skill      XL: |  1  2  3 |
---------------+----------+-----
Dodging        | 2 |  2.4
Fighting       | 2 |  2.2
Unarmed Combat | |  3.5
Shapeshifting  | |  3.4

Action                     || total
---------------------------++-------
  Melee: Unarmed           ||    40
         Tailslap          ||     9
         Punch             ||     2
         Dagger            ||    52
  Evoke: Wand              ||     1
    Use: Potion            ||     2
   Stab: Sleeping          ||     1
 Armour: Skin              ||    55
  Dodge: Dodged            ||    45

Table legend: (Time is in decaauts)
 A = Elapsed time spent in this place.
 B = Non-inter-level travel time spent in this place.
 C = Inter-level travel time spent in this place.
 D = Time resting spent in this place.
 E = Time spent auto-exploring this place.
 F = Levels seen in this place.
 G = Mean time per level.
                   A        B        C        D        E       F      G
               +--------+--------+--------+--------+--------+-----+--------+
         Total |   1146 |   1112 |     34 |      0 |    827 |   2 |  573.0 |
       Dungeon |   1146 |   1112 |     34 |      0 |    827 |   2 |  573.0 |
               +--------+--------+--------+--------+--------+-----+--------+

Top non-repeatable levels by time:
     D:1: 871 daAuts
     D:2: 275 daAuts
